[ AOE2 MATCH · #465644731 ]
Team RMByzantines vs Byzantines
[ REPLAY ANALYSIS · EXTRACTED FROM THE RECORDED GAME ]
Feudal
15:22
Castle
25:19
Imperial
35:04
| APM avg | 10.1 |
| APM peak | 36 |
| eAPM avg | 8.7 |
| Villagers / military | 86 / 112 |
Focus
⚔️ 32.6% · 🌾 67.4%
Spearman ×44 · Skirmisher ×31 · Cataphract ×29 · Trade Cart ×8 · Cavalry Archer ×4 · Trebuchet (Packed) ×4
Feudal
14:34
Castle
19:19
Imperial
34:05
| APM avg | 20.4 |
| APM peak | 55 |
| eAPM avg | 13.0 |
| Villagers / military | 139 / 151 |
Focus
⚔️ 20.0% · 🌾 80.0%
Skirmisher ×70 · Spearman ×22 · Camel Scout ×20 · Cataphract ×20 · Cavalry Archer ×15 · Trebuchet (Packed) ×3
Feudal
12:43
Castle
18:03
Imperial
30:01
| APM avg | 17.2 |
| APM peak | 57 |
| eAPM avg | 13.7 |
| Villagers / military | 104 / 330 |
Focus
⚔️ 40.3% · 🌾 59.7%
Huskarl ×289 · Spearman ×30 · Militia ×9 · Trebuchet (Packed) ×2
Feudal
16:22
Castle
27:49
Imperial
40:37
| APM avg | 18.0 |
| APM peak | 79 |
| eAPM avg | 15.0 |
| Villagers / military | 145 / 184 |
Focus
⚔️ 31.7% · 🌾 68.3%
Mangudai ×102 · Scout Cavalry ×70 · Trade Cart ×30 · Battering Ram ×12
Feudal
11:53
Castle
18:17
Imperial
34:15
| APM avg | 25.9 |
| APM peak | 65 |
| eAPM avg | 17.9 |
| Villagers / military | 114 / 166 |
Focus
⚔️ 33.4% · 🌾 66.6%
Scorpion ×55 · Knight ×47 · Woad Raider ×22 · Spearman ×17 · Scout Cavalry ×17 · Trebuchet (Packed) ×7
Feudal
12:02
Castle
16:09
Imperial
33:18
| APM avg | 46.5 |
| APM peak | 111 |
| eAPM avg | 30.9 |
| Villagers / military | 190 / 458 |
Focus
⚔️ 43.6% · 🌾 56.4%
Huskarl ×260 · Hand Cannoneer ×103 · Spearman ×68 · Battering Ram ×19 · Trade Cart ×8 · Bombard Cannon ×5
Match map
Initial resources + every placement click. Lines = walls · curves = elevation contours. ◆ gold · ⬟ stone · ● berries · ✦ relic · ◌ wall gap
Your base· ✓ Closed at 25:19 · 35t walls · 1 gate(s)
shulin60111's base· ✓ Closed at 19:19 · 9t walls · fragile
s99241008's base· ✓ Closed at 18:03 · 0t walls · fragile
ForWorldPeace's base· ✓ Closed at 27:49 · 80t walls · 6 gate(s) · fragile
fugo53419's base· ✓ Closed at 18:17 · 8t walls · fragile
76561198104589261's base· ✓ Closed at 16:09 · 6t walls · fragile
Smoothed initial terrain · ◌ = detected wall gap · hover for details
Inputs per minute
— A P - - shulin60111
Build order — A P
First 150 of 301 actions detected
| 0:02 | Build | House |
| 0:05 | Build | House |
| 0:05 | Create | Villager (Male) |
| 0:06 | Create | Villager (Male) |
| 0:06 | Create | Villager (Male) |
| 0:06 | Create | Villager (Male) |
| 0:06 | Create | Villager (Male) |
| 1:29 | Create | Villager (Male) |
| 1:31 | Research | Loom |
| 2:32 | Create | Villager (Male) |
| 2:32 | Create | Villager (Male) |
| 2:33 | Create | Villager (Male) |
| 2:57 | Build | Palisade Wall |
| 3:14 | Create | Villager (Male) |
| 3:15 | Create | Villager (Male) |
| 3:54 | Create | Villager (Male) |
| 3:54 | Create | Villager (Male) |
| 4:32 | Create | Villager (Male) |
| 4:33 | Create | Villager (Male) |
| 5:22 | Create | Villager (Male) |
| 5:23 | Create | Villager (Male) |
| 5:23 | Create | Villager (Male) |
| 6:30 | Build | House |
| 6:35 | Create | Villager (Male) |
| 6:35 | Create | Villager (Male) |
| 6:45 | Build | House |
| 7:55 | Create | Villager (Male) |
| 7:55 | Create | Villager (Male) |
| 8:44 | Build | Mill |
| 9:30 | Build | Outpost |
| 9:36 | Create | Villager (Male) |
| 9:36 | Create | Villager (Male) |
| 10:21 | Build | Outpost |
| 10:27 | Create | Villager (Male) |
| 10:36 | Build | Mining Camp |
| 10:41 | Create | Villager (Male) |
| 10:42 | Create | Villager (Male) |
| 11:03 | Build | Farm |
| 11:22 | Build | House |
| 11:26 | Create | Villager (Male) |
| 11:28 | Build | Farm |
| 11:53 | Build | Farm |
| 12:18 | Create | Villager (Male) |
| 12:18 | Create | Villager (Male) |
| 12:33 | Build | Lumber Camp |
| 12:51 | Research | Feudal Age |
| 13:28 | Build | Outpost |
| 14:16 | Build | Barracks |
| 15:16 | Build | House |
| 15:22 | Age | Feudal Age |
| 15:24 | Research | Wheelbarrow |
| 15:29 | Research | Double-Bit Axe |
| 15:42 | Build | Market |
| 16:55 | Build | Stone Wall |
| 17:01 | Create | Villager (Male) |
| 17:02 | Create | Villager (Male) |
| 17:10 | Create | Villager (Male) |
| 17:11 | Create | Villager (Male) |
| 17:41 | Build | Farm |
| 17:43 | Build | Farm |
| 17:44 | Build | Farm |
| 17:51 | Build | Farm |
| 18:00 | Build | Farm |
| 18:01 | Build | Farm |
| 18:08 | Build | Farm |
| 18:18 | Build | Mining Camp |
| 18:24 | Create | Villager (Male) |
| 18:25 | Create | Villager (Male) |
| 18:47 | Build | Stone Wall |
| 18:58 | Research | Stone Mining |
| 19:01 | Research | Gold Mining |
| 19:22 | Build | Gate |
| 19:31 | Create | Villager (Male) |
| 19:48 | Build | Blacksmith |
| 20:03 | Create | Villager (Male) |
| 20:17 | Build | House |
| 20:49 | Build | House |
| 21:12 | Build | Mining Camp |
| 21:43 | Build | Watch Tower |
| 21:49 | Create | Villager (Male) |
| 21:49 | Create | Villager (Male) |
| 21:51 | Research | Castle Age |
| 22:03 | Build | Farm |
| 22:05 | Build | Farm |
| 22:06 | Build | Farm |
| 22:08 | Build | Farm |
| 22:32 | Create | Trade Cart |
| 22:32 | Create | Trade Cart |
| 23:04 | Build | House |
| 23:19 | Research | Fletching |
| 23:35 | Create | Trade Cart |
| 23:45 | Research | Horse Collar |
| 24:02 | Build | House |
| 24:20 | Create | Trade Cart |
| 25:19 | Age | Castle Age |
| 25:54 | Build | Town Center |
| 26:00 | Create | Villager (Male) |
| 26:00 | Create | Villager (Male) |
| 26:14 | Research | Heavy Plow |
| 26:25 | Research | Bow Saw |
| 26:30 | Create | Villager (Male) |
| 26:31 | Create | Villager (Male) |
| 26:46 | Create | Villager (Male) |
| 26:46 | Create | Villager (Male) |
| 27:08 | Research | Stone Shaft Mining |
| 27:10 | Research | Gold Shaft Mining |
| 27:15 | Research | Caravan |
| 27:19 | Create | Villager (Male) |
| 27:19 | Create | Villager (Male) |
| 27:20 | Create | Villager (Male) |
| 27:20 | Create | Villager (Male) |
| 27:49 | Build | Farm |
| 28:25 | Build | Castle |
| 28:34 | Build | Farm |
| 28:36 | Create | Villager (Male) |
| 28:36 | Create | Villager (Male) |
| 28:57 | Build | Town Center |
| 29:07 | Build | Farm |
| 29:18 | Create | Villager (Male) |
| 29:18 | Create | Villager (Male) |
| 29:49 | Create | Villager (Male) |
| 29:49 | Create | Villager (Male) |
| 29:49 | Create | Villager (Male) |
| 29:51 | Create | Villager (Male) |
| 29:51 | Create | Villager (Male) |
| 29:51 | Create | Villager (Male) |
| 29:51 | Create | Villager (Male) |
| 29:52 | Create | Villager (Male) |
| 29:52 | Create | Villager (Male) |
| 29:52 | Create | Villager (Male) |
| 29:53 | Create | Villager (Male) |
| 29:53 | Create | Villager (Male) |
| 29:53 | Create | Villager (Male) |
| 29:59 | Build | Farm |
| 30:26 | Build | University |
| 30:45 | Create | Villager (Male) |
| 30:45 | Create | Villager (Male) |
| 30:45 | Create | Villager (Male) |
| 30:48 | Build | Farm |
| 30:49 | Build | Farm |
| 30:54 | Build | Farm |
| 30:58 | Build | Farm |
| 31:26 | Build | Stone Wall |
| 31:35 | Research | Imperial Age |
| 31:39 | Create | Villager (Male) |
| 31:40 | Create | Villager (Male) |
| 31:45 | Build | Farm |
| 31:50 | Build | Farm |
| 31:54 | Build | Farm |
| 32:02 | Build | Farm |
Build order — shulin60111
First 150 of 325 actions detected
| 0:01 | Create | Villager (Male) |
| 0:01 | Create | Villager (Male) |
| 0:01 | Create | Villager (Male) |
| 0:02 | Create | Villager (Male) |
| 0:04 | Build | House |
| 0:10 | Build | House |
| 1:58 | Create | Villager (Male) |
| 1:58 | Create | Villager (Male) |
| 2:03 | Research | Loom |
| 2:40 | Create | Villager (Male) |
| 2:40 | Create | Villager (Male) |
| 3:23 | Create | Villager (Male) |
| 3:55 | Create | Villager (Male) |
| 3:55 | Create | Villager (Male) |
| 4:23 | Build | Palisade Wall |
| 4:39 | Create | Villager (Male) |
| 4:39 | Create | Villager (Male) |
| 4:40 | Create | Villager (Male) |
| 4:40 | Create | Villager (Male) |
| 5:27 | Create | Villager (Male) |
| 5:36 | Build | House |
| 5:53 | Build | Mill |
| 6:02 | Create | Villager (Male) |
| 6:18 | Build | House |
| 7:20 | Build | Lumber Camp |
| 7:23 | Create | Villager (Male) |
| 7:23 | Create | Villager (Male) |
| 7:23 | Create | Villager (Male) |
| 7:58 | Create | Villager (Male) |
| 7:58 | Create | Villager (Male) |
| 7:58 | Create | Villager (Male) |
| 7:59 | Create | Villager (Male) |
| 8:36 | Create | Villager (Male) |
| 8:37 | Create | Villager (Male) |
| 8:37 | Create | Villager (Male) |
| 10:00 | Create | Villager (Male) |
| 10:00 | Create | Villager (Male) |
| 10:31 | Create | Villager (Male) |
| 10:32 | Create | Villager (Male) |
| 10:41 | Create | Villager (Male) |
| 10:41 | Create | Villager (Male) |
| 10:47 | Build | House |
| 11:01 | Create | Villager (Male) |
| 11:01 | Create | Villager (Male) |
| 11:27 | Build | Mining Camp |
| 12:01 | Research | Feudal Age |
| 12:12 | Build | Mill |
| 12:28 | Build | House |
| 12:29 | Build | House |
| 12:31 | Build | House |
| 12:40 | Build | Farm |
| 12:45 | Build | Farm |
| 12:46 | Build | Farm |
| 13:04 | Build | Lumber Camp |
| 14:04 | Create | Villager (Male) |
| 14:05 | Create | Villager (Male) |
| 14:06 | Create | Villager (Male) |
| 14:12 | Build | House |
| 14:13 | Build | House |
| 14:14 | Build | House |
| 14:34 | Age | Feudal Age |
| 14:47 | Create | Villager (Male) |
| 14:53 | Build | Farm |
| 14:53 | Build | Farm |
| 14:53 | Build | Farm |
| 14:53 | Build | Farm |
| 15:07 | Build | Market |
| 15:13 | Build | Blacksmith |
| 15:22 | Build | Mining Camp |
| 15:54 | Build | House |
| 15:55 | Build | House |
| 15:57 | Build | House |
| 16:14 | Create | Villager (Male) |
| 16:37 | Research | Castle Age |
| 16:37 | Research | Castle Age |
| 17:20 | Build | Barracks |
| 17:32 | Research | Horse Collar |
| 17:39 | Research | Double-Bit Axe |
| 18:39 | Build | Stable |
| 18:57 | Create | Villager (Male) |
| 18:59 | Create | Villager (Male) |
| 19:18 | Create | Spearman |
| 19:19 | Age | Castle Age |
| 19:19 | Create | Spearman |
| 19:34 | Build | Town Center |
| 19:46 | Create | Camel Scout |
| 19:46 | Create | Camel Scout |
| 19:54 | Create | Villager (Male) |
| 20:01 | Build | Farm |
| 20:01 | Build | Farm |
| 20:02 | Build | Farm |
| 20:02 | Build | Farm |
| 20:03 | Build | Farm |
| 20:06 | Create | Villager (Male) |
| 20:06 | Create | Villager (Male) |
| 20:07 | Create | Villager (Male) |
| 20:16 | Build | Monastery |
| 20:26 | Create | Camel Scout |
| 20:53 | Create | Villager (Male) |
| 21:27 | Build | House |
| 21:28 | Build | House |
| 21:30 | Build | House |
| 21:36 | Create | Monk |
| 21:43 | Create | Villager (Male) |
| 21:43 | Create | Villager (Male) |
| 21:43 | Create | Villager (Male) |
| 21:43 | Create | Villager (Male) |
| 21:44 | Create | Villager (Male) |
| 21:53 | Build | Farm |
| 21:53 | Build | Farm |
| 21:53 | Build | Farm |
| 21:54 | Build | Farm |
| 21:54 | Build | Farm |
| 22:00 | Create | Villager (Male) |
| 22:03 | Research | Wheelbarrow |
| 22:30 | Create | Villager (Male) |
| 22:30 | Create | Villager (Male) |
| 22:30 | Create | Villager (Male) |
| 23:27 | Build | Town Center |
| 23:32 | Create | Villager (Male) |
| 23:33 | Create | Villager (Male) |
| 23:33 | Create | Villager (Male) |
| 23:34 | Create | Villager (Male) |
| 24:08 | Create | Villager (Male) |
| 24:08 | Create | Villager (Male) |
| 24:13 | Create | Villager (Male) |
| 24:20 | Create | Villager (Male) |
| 24:25 | Research | Heavy Plow |
| 24:33 | Research | Husbandry |
| 24:35 | Create | Camel Scout |
| 24:36 | Create | Camel Scout |
| 25:00 | Build | Farm |
| 25:00 | Build | Farm |
| 25:00 | Build | Farm |
| 25:01 | Build | Farm |
| 25:01 | Build | Farm |
| 25:01 | Build | Farm |
| 25:06 | Create | Villager (Male) |
| 25:07 | Create | Villager (Male) |
| 25:07 | Create | Villager (Male) |
| 25:14 | Create | Villager (Male) |
| 25:14 | Create | Villager (Male) |
| 25:14 | Create | Villager (Male) |
| 26:01 | Create | Villager (Male) |
| 26:02 | Create | Villager (Male) |
| 26:02 | Create | Villager (Male) |
| 26:02 | Create | Villager (Male) |
| 26:10 | Build | Farm |
| 26:10 | Build | Farm |
| 26:10 | Build | Farm |
Build order — s99241008
First 150 of 448 actions detected
| 0:01 | Create | Villager (Male) |
| 0:01 | Create | Villager (Male) |
| 0:01 | Create | Villager (Male) |
| 0:01 | Create | Villager (Male) |
| 0:02 | Create | Villager (Male) |
| 0:05 | Build | House |
| 0:07 | Build | House |
| 1:37 | Create | Villager (Male) |
| 2:15 | Create | Villager (Male) |
| 2:15 | Create | Villager (Male) |
| 2:39 | Create | Villager (Male) |
| 3:32 | Create | Villager (Male) |
| 3:38 | Build | Lumber Camp |
| 3:41 | Research | Loom |
| 3:55 | Create | Villager (Male) |
| 3:55 | Create | Villager (Male) |
| 4:03 | Build | House |
| 4:24 | Create | Villager (Male) |
| 4:28 | Create | Villager (Male) |
| 5:15 | Create | Villager (Male) |
| 5:16 | Create | Villager (Male) |
| 5:30 | Build | Mill |
| 5:38 | Create | Villager (Male) |
| 5:38 | Create | Villager (Male) |
| 6:00 | Create | Villager (Male) |
| 6:35 | Build | House |
| 6:47 | Create | Villager (Male) |
| 6:47 | Create | Villager (Male) |
| 7:14 | Build | Mining Camp |
| 7:45 | Create | Villager (Male) |
| 7:45 | Create | Villager (Male) |
| 8:13 | Create | Villager (Male) |
| 8:28 | Build | Mill |
| 8:44 | Create | Villager (Male) |
| 9:12 | Build | Mining Camp |
| 9:37 | Create | Villager (Male) |
| 9:45 | Create | Villager (Male) |
| 10:22 | Build | Barracks |
| 10:33 | Research | Feudal Age |
| 11:02 | Build | Farm |
| 11:08 | Create | Villager (Male) |
| 11:12 | Create | Villager (Male) |
| 11:43 | Build | House |
| 12:13 | Create | Villager (Male) |
| 12:43 | Age | Feudal Age |
| 12:56 | Build | Stable |
| 13:06 | Build | Market |
| 13:13 | Build | Stable |
| 13:35 | Create | Villager (Male) |
| 13:42 | Build | House |
| 13:55 | Build | Farm |
| 14:02 | Build | Farm |
| 14:09 | Create | Villager (Male) |
| 14:40 | Build | Farm |
| 15:23 | Research | Castle Age |
| 15:27 | Build | Farm |
| 15:35 | Research | Man-at-Arms (upgrade) |
| 15:37 | Create | Militia |
| 15:37 | Create | Militia |
| 15:38 | Create | Spearman |
| 15:38 | Create | Spearman |
| 15:53 | Build | Barracks |
| 16:00 | Create | Villager (Male) |
| 16:27 | Build | Farm |
| 16:48 | Build | Lumber Camp |
| 17:26 | Build | House |
| 17:35 | Create | Spearman |
| 17:50 | Create | Villager (Male) |
| 17:51 | Create | Villager (Male) |
| 17:58 | Research | Double-Bit Axe |
| 18:03 | Age | Castle Age |
| 18:25 | Build | House |
| 19:23 | Build | Castle |
| 19:33 | Build | Farm |
| 19:46 | Create | Villager (Male) |
| 19:47 | Create | Villager (Male) |
| 20:07 | Build | Blacksmith |
| 20:16 | Build | Town Center |
| 20:37 | Research | Pikeman (upgrade) |
| 20:40 | Research | Squires |
| 20:42 | Create | Spearman |
| 20:43 | Create | Spearman |
| 20:50 | Research | Horse Collar |
| 20:54 | Research | Scale Mail Armor |
| 21:01 | Build | Farm |
| 21:03 | Build | Farm |
| 21:08 | Create | Villager (Male) |
| 21:08 | Create | Villager (Male) |
| 21:22 | Build | Barracks |
| 21:40 | Build | Farm |
| 21:47 | Create | Villager (Male) |
| 21:47 | Create | Villager (Male) |
| 22:18 | Build | Farm |
| 22:26 | Create | Villager (Male) |
| 22:30 | Create | Villager (Male) |
| 22:35 | Create | Villager (Male) |
| 22:40 | Build | Farm |
| 22:43 | Build | Farm |
| 22:56 | Build | Farm |
| 23:05 | Build | Farm |
| 23:10 | Create | Villager (Male) |
| 23:11 | Create | Villager (Male) |
| 23:28 | Build | House |
| 23:39 | Create | Spearman |
| 23:39 | Create | Spearman |
| 23:44 | Create | Spearman |
| 23:44 | Create | Spearman |
| 23:54 | Build | Mining Camp |
| 24:01 | Create | Villager (Male) |
| 24:07 | Build | Farm |
| 24:16 | Build | Farm |
| 24:46 | Build | Farm |
| 24:53 | Create | Villager (Male) |
| 24:53 | Create | Villager (Male) |
| 25:02 | Build | Farm |
| 25:09 | Create | Villager (Male) |
| 25:10 | Create | Villager (Male) |
| 25:25 | Build | Farm |
| 25:29 | Build | Farm |
| 25:51 | Build | House |
| 26:15 | Build | Farm |
| 26:22 | Build | Farm |
| 26:25 | Create | Villager (Male) |
| 26:51 | Research | Imperial Age |
| 27:10 | Research | Forging |
| 27:23 | Create | Villager (Male) |
| 27:53 | Build | Barracks |
| 28:06 | Build | University |
| 28:12 | Create | Spearman |
| 28:13 | Create | Spearman |
| 28:17 | Create | Spearman |
| 28:52 | Create | Villager (Male) |
| 28:52 | Create | Villager (Male) |
| 29:22 | Research | Murder Holes |
| 29:35 | Research | Gold Mining |
| 29:43 | Research | Wheelbarrow |
| 30:01 | Age | Imperial Age |
| 30:04 | Research | Perfusion |
| 30:15 | Create | Villager (Male) |
| 30:15 | Create | Villager (Male) |
| 30:24 | Create | Villager (Male) |
| 30:24 | Create | Villager (Male) |
| 30:33 | Build | Farm |
| 30:43 | Research | Chain Mail Armor |
| 30:52 | Build | Town Center |
| 31:17 | Create | Villager (Male) |
| 31:17 | Create | Villager (Male) |
| 31:21 | Create | Villager (Male) |
| 31:27 | Research | Hand Cart |
| 31:38 | Build | Castle |
Build order — ForWorldPeace
First 150 of 441 actions detected
| 0:03 | Create | Villager (Male) ×4 |
| 0:04 | Create | Villager (Male) ×4 |
| 0:09 | Build | House |
| 0:15 | Build | House |
| 1:32 | Create | Villager (Male) |
| 1:32 | Create | Villager (Male) |
| 2:05 | Create | Villager (Male) |
| 2:06 | Create | Villager (Male) |
| 2:19 | Create | Villager (Male) |
| 2:20 | Create | Villager (Male) |
| 2:42 | Build | House |
| 2:48 | Build | House |
| 2:50 | Build | House |
| 2:51 | Build | House |
| 2:55 | Create | Villager (Male) |
| 2:55 | Create | Villager (Male) |
| 2:55 | Create | Villager (Male) |
| 3:10 | Create | Villager (Male) |
| 3:10 | Create | Villager (Male) |
| 3:11 | Create | Villager (Male) |
| 3:51 | Build | Palisade Wall |
| 4:08 | Create | Villager (Male) |
| 4:09 | Create | Villager (Male) |
| 4:09 | Create | Villager (Male) |
| 4:09 | Create | Villager (Male) |
| 4:55 | Create | Villager (Male) |
| 4:55 | Create | Villager (Male) |
| 4:55 | Create | Villager (Male) |
| 5:14 | Research | Loom |
| 5:22 | Build | Palisade Gate |
| 5:29 | Build | House |
| 5:30 | Build | House |
| 5:31 | Build | House |
| 5:33 | Build | House |
| 5:39 | Build | Palisade Wall |
| 5:45 | Build | Palisade Wall |
| 5:51 | Create | Villager (Male) |
| 5:51 | Create | Villager (Male) |
| 5:52 | Create | Villager (Male) |
| 5:52 | Create | Villager (Male) |
| 6:17 | Create | Villager (Male) |
| 6:18 | Create | Villager (Male) |
| 7:23 | Build | Lumber Camp |
| 7:28 | Create | Villager (Male) |
| 7:28 | Create | Villager (Male) |
| 7:36 | Build | Lumber Camp |
| 8:19 | Create | Villager (Male) |
| 8:20 | Create | Villager (Male) |
| 8:21 | Create | Villager (Male) |
| 9:06 | Build | Mill |
| 9:35 | Create | Villager (Male) |
| 9:52 | Build | Mill |
| 9:56 | Create | Villager (Male) |
| 9:57 | Create | Villager (Male) |
| 9:57 | Create | Villager (Male) |
| 9:57 | Create | Villager (Male) |
| 10:37 | Create | Villager (Male) |
| 10:37 | Create | Villager (Male) |
| 10:38 | Create | Villager (Male) |
| 10:38 | Create | Villager (Male) |
| 10:38 | Create | Villager (Male) |
| 10:51 | Build | Palisade Wall |
| 10:55 | Build | Palisade Gate |
| 10:57 | Build | Palisade Gate |
| 11:01 | Build | Palisade Wall |
| 11:17 | Create | Villager (Male) |
| 11:17 | Create | Villager (Male) |
| 11:45 | Build | House |
| 12:09 | Create | Villager (Male) |
| 12:39 | Build | House |
| 12:43 | Build | House |
| 12:44 | Build | House |
| 12:47 | Build | House |
| 13:17 | Create | Villager (Male) |
| 13:18 | Create | Villager (Male) |
| 13:18 | Create | Villager (Male) |
| 13:23 | Build | Farm |
| 13:24 | Build | Farm |
| 13:25 | Build | Farm |
| 13:26 | Build | Farm |
| 13:36 | Research | Feudal Age |
| 13:36 | Create | Villager (Male) |
| 13:37 | Create | Villager (Male) |
| 13:37 | Create | Villager (Male) |
| 14:06 | Build | Barracks |
| 14:52 | Build | House |
| 15:47 | Build | Farm |
| 15:48 | Build | Farm |
| 15:49 | Build | Farm |
| 15:50 | Build | Farm |
| 15:51 | Build | Farm |
| 16:07 | Create | Villager (Male) |
| 16:22 | Age | Feudal Age |
| 16:27 | Research | Horse Collar |
| 16:32 | Research | Double-Bit Axe |
| 16:44 | Build | Stone Wall |
| 16:52 | Build | Stone Wall |
| 16:56 | Build | Stone Wall |
| 17:02 | Build | Gate |
| 17:05 | Build | Gate |
| 17:27 | Create | Villager (Male) |
| 17:28 | Research | Wheelbarrow |
| 17:41 | Build | Mining Camp |
| 18:19 | Create | Villager (Male) |
| 18:30 | Build | Mining Camp |
| 18:44 | Research | Gold Mining |
| 18:45 | Research | Stone Mining |
| 19:19 | Create | Villager (Male) |
| 19:35 | Create | Villager (Male) |
| 19:35 | Create | Villager (Male) |
| 19:36 | Create | Villager (Male) |
| 19:55 | Build | Stone Wall |
| 20:16 | Create | Villager (Male) |
| 20:33 | Build | Gate |
| 20:37 | Build | Stone Wall |
| 20:41 | Build | Stone Wall |
| 20:46 | Build | Stone Wall |
| 20:48 | Build | Stone Wall |
| 20:50 | Build | Stone Wall |
| 21:09 | Build | Farm |
| 21:10 | Build | Farm |
| 21:11 | Build | Farm |
| 21:12 | Build | Farm |
| 21:13 | Build | Farm |
| 21:14 | Build | Farm |
| 21:16 | Build | Farm |
| 21:17 | Build | Farm |
| 21:27 | Build | Blacksmith |
| 21:39 | Build | Market |
| 21:42 | Build | Market |
| 21:49 | Create | Villager (Male) |
| 21:50 | Create | Villager (Male) |
| 21:50 | Create | Villager (Male) |
| 22:11 | Build | Stone Wall |
| 22:43 | Create | Villager (Male) |
| 23:15 | Build | Stone Wall |
| 23:20 | Build | Gate |
| 23:37 | Create | Villager (Male) |
| 24:14 | Research | Town Watch |
| 25:09 | Research | Castle Age |
| 25:22 | Build | Stable |
| 25:23 | Build | Stable |
| 25:25 | Build | Stable |
| 25:26 | Build | Stable |
| 25:28 | Build | Stable |
| 25:29 | Build | Stable |
| 25:34 | Build | Stable |
| 25:35 | Build | Stable |
| 25:40 | Build | Stable |
| 25:41 | Build | Stable |
Build order — fugo53419
First 150 of 411 actions detected
| 0:03 | Research | Loom |
| 0:06 | Create | Villager (Male) |
| 0:06 | Create | Villager (Male) |
| 0:06 | Create | Villager (Male) |
| 0:07 | Create | Villager (Male) |
| 0:07 | Create | Villager (Male) |
| 0:13 | Build | House |
| 0:14 | Build | House |
| 1:52 | Build | Palisade Wall |
| 2:19 | Create | Villager (Male) |
| 2:19 | Create | Villager (Male) |
| 3:21 | Build | House |
| 3:23 | Create | Villager (Male) |
| 3:23 | Create | Villager (Male) |
| 3:23 | Create | Villager (Male) |
| 3:49 | Create | Villager (Male) |
| 3:49 | Create | Villager (Male) |
| 4:09 | Build | House |
| 4:28 | Create | Villager (Male) |
| 4:28 | Create | Villager (Male) |
| 4:48 | Build | Outpost |
| 5:06 | Build | Mill |
| 5:35 | Create | Villager (Male) |
| 6:04 | Create | Villager (Male) |
| 6:05 | Create | Villager (Male) |
| 6:05 | Create | Villager (Male) |
| 6:05 | Create | Villager (Male) |
| 6:05 | Create | Villager (Male) |
| 6:52 | Create | Villager (Male) |
| 7:02 | Build | Lumber Camp |
| 7:03 | Create | Villager (Male) |
| 7:04 | Create | Villager (Male) |
| 7:28 | Create | Villager (Male) |
| 7:28 | Create | Villager (Male) |
| 8:28 | Create | Villager (Male) |
| 9:38 | Build | Mill |
| 9:43 | Research | Feudal Age |
| 9:53 | Build | Mining Camp |
| 10:08 | Build | Farm |
| 10:10 | Build | Farm |
| 10:58 | Build | House |
| 11:32 | Build | Barracks |
| 11:53 | Age | Feudal Age |
| 12:13 | Build | Stable |
| 12:17 | Create | Villager (Male) |
| 12:17 | Create | Villager (Male) |
| 12:17 | Create | Villager (Male) |
| 12:26 | Create | Villager (Male) |
| 12:26 | Create | Villager (Male) |
| 12:27 | Create | Villager (Male) |
| 12:27 | Create | Villager (Male) |
| 12:52 | Build | Farm |
| 13:02 | Build | Blacksmith |
| 13:13 | Build | Farm |
| 13:14 | Create | Villager (Male) |
| 13:56 | Build | Farm |
| 14:00 | Build | Farm |
| 14:27 | Build | Farm |
| 14:50 | Build | Farm |
| 15:20 | Build | Farm |
| 15:24 | Build | Farm |
| 15:33 | Build | Farm |
| 15:35 | Research | Castle Age |
| 15:59 | Build | House |
| 16:01 | Build | House |
| 16:43 | Research | Double-Bit Axe |
| 16:44 | Research | Horse Collar |
| 16:51 | Research | Gold Mining |
| 17:13 | Build | Mining Camp |
| 17:38 | Build | House |
| 18:17 | Age | Castle Age |
| 18:28 | Build | Town Center |
| 18:35 | Create | Villager (Male) |
| 18:36 | Create | Villager (Male) |
| 18:36 | Create | Villager (Male) |
| 18:39 | Create | Villager (Male) |
| 18:39 | Create | Villager (Male) |
| 19:05 | Research | Husbandry |
| 19:18 | Research | Scale Barding Armor |
| 19:44 | Create | Villager (Male) |
| 19:45 | Create | Villager (Male) |
| 20:04 | Research | Bow Saw |
| 20:13 | Create | Villager (Male) |
| 20:14 | Create | Villager (Male) |
| 20:18 | Create | Villager (Male) |
| 20:19 | Create | Villager (Male) |
| 20:29 | Create | Villager (Male) |
| 20:56 | Build | Town Center |
| 21:00 | Create | Villager (Male) |
| 21:00 | Create | Villager (Male) |
| 21:02 | Create | Villager (Male) |
| 21:25 | Research | Pikeman (upgrade) |
| 21:43 | Create | Villager (Male) |
| 21:56 | Build | Market |
| 22:04 | Create | Villager (Male) |
| 22:19 | Create | Villager (Male) |
| 22:21 | Create | Villager (Male) |
| 22:23 | Create | Villager (Male) |
| 22:34 | Build | Siege Workshop |
| 22:39 | Create | Villager (Male) |
| 22:42 | Create | Villager (Male) |
| 22:56 | Create | Villager (Male) |
| 23:10 | Build | Farm |
| 23:12 | Build | Farm |
| 23:39 | Build | House |
| 23:40 | Build | House |
| 23:41 | Build | House |
| 23:42 | Build | House |
| 23:44 | Build | House |
| 23:45 | Build | House |
| 23:46 | Build | House |
| 23:48 | Create | Villager (Male) |
| 23:48 | Create | Villager (Male) |
| 23:54 | Build | Siege Workshop |
| 23:55 | Create | Scorpion |
| 23:56 | Create | Scorpion |
| 23:59 | Create | Villager (Male) |
| 23:59 | Create | Villager (Male) |
| 23:59 | Create | Villager (Male) |
| 24:06 | Create | Villager (Male) |
| 24:13 | Build | Farm |
| 24:48 | Build | Castle |
| 24:49 | Create | Scorpion |
| 24:58 | Create | Villager (Male) |
| 24:59 | Create | Villager (Male) |
| 25:10 | Build | Mining Camp |
| 25:12 | Create | Villager (Male) |
| 25:13 | Create | Villager (Male) |
| 25:14 | Create | Villager (Male) |
| 25:25 | Research | Wheelbarrow |
| 25:29 | Create | Villager (Male) |
| 25:30 | Create | Villager (Male) |
| 25:33 | Build | Monastery |
| 25:38 | Create | Scorpion |
| 25:46 | Build | Mining Camp |
| 25:49 | Create | Villager (Male) |
| 25:52 | Create | Villager (Male) |
| 26:03 | Create | Villager (Male) |
| 26:19 | Build | Farm |
| 26:21 | Build | Farm |
| 26:25 | Build | Farm |
| 26:27 | Create | Monk |
| 26:35 | Create | Scorpion |
| 26:35 | Create | Scorpion |
| 26:48 | Create | Woad Raider |
| 26:49 | Create | Woad Raider |
| 26:49 | Create | Woad Raider |
| 27:02 | Build | Farm |
| 27:13 | Build | Farm |
| 27:16 | Build | Farm |
Build order — 76561198104589261
First 150 of 996 actions detected
| 0:02 | Create | Villager (Male) |
| 0:02 | Create | Villager (Male) |
| 0:02 | Create | Villager (Male) |
| 0:03 | Create | Villager (Male) |
| 0:05 | Build | House |
| 0:06 | Build | House |
| 1:41 | Create | Villager (Male) |
| 1:41 | Create | Villager (Male) |
| 2:05 | Create | Villager (Male) |
| 2:05 | Create | Villager (Male) |
| 2:18 | Build | Lumber Camp |
| 3:24 | Build | Palisade Wall |
| 3:27 | Create | Villager (Male) |
| 3:28 | Create | Villager (Male) |
| 3:28 | Create | Villager (Male) |
| 4:18 | Create | Villager (Male) |
| 4:19 | Create | Villager (Male) |
| 4:35 | Research | Loom |
| 4:35 | Research | Loom |
| 4:38 | Create | Villager (Male) |
| 4:39 | Create | Villager (Male) |
| 4:50 | Build | House |
| 5:24 | Create | Villager (Male) |
| 5:24 | Create | Villager (Male) |
| 6:07 | Create | Villager (Male) |
| 6:07 | Create | Villager (Male) |
| 6:08 | Create | Villager (Male) |
| 6:08 | Create | Villager (Male) |
| 6:08 | Create | Villager (Male) |
| 6:08 | Create | Villager (Male) |
| 6:09 | Create | Villager (Male) |
| 7:01 | Build | House |
| 7:55 | Build | Mill |
| 7:58 | Create | Villager (Male) |
| 7:58 | Create | Villager (Male) |
| 9:13 | Create | Villager (Male) |
| 9:43 | Research | Feudal Age |
| 9:44 | Research | Feudal Age |
| 9:57 | Build | Mining Camp |
| 10:03 | Build | House |
| 10:23 | Build | Mill |
| 10:44 | Create | Villager (Male) |
| 10:44 | Create | Villager (Male) |
| 11:08 | Build | House |
| 12:02 | Age | Feudal Age |
| 12:04 | Build | Market |
| 12:50 | Build | Blacksmith |
| 12:56 | Create | Villager (Male) |
| 13:29 | Research | Castle Age |
| 13:29 | Research | Castle Age |
| 14:31 | Research | Double-Bit Axe |
| 14:31 | Research | Double-Bit Axe |
| 15:24 | Create | Villager (Male) |
| 15:32 | Create | Villager (Male) |
| 16:09 | Age | Castle Age |
| 16:16 | Build | Town Center |
| 16:19 | Create | Villager (Male) |
| 16:47 | Build | Town Center |
| 16:58 | Research | Bow Saw |
| 16:58 | Research | Bow Saw |
| 17:03 | Build | Farm |
| 17:20 | Create | Villager (Male) |
| 17:20 | Create | Villager (Male) |
| 17:27 | Build | Farm |
| 17:41 | Research | Horse Collar |
| 17:42 | Research | Horse Collar |
| 17:53 | Create | Villager (Male) |
| 18:04 | Create | Villager (Male) |
| 18:09 | Build | Farm |
| 18:16 | Build | Farm |
| 18:16 | Build | Farm |
| 18:19 | Create | Villager (Male) |
| 18:28 | Build | Farm |
| 18:33 | Build | Farm |
| 18:34 | Build | Farm |
| 18:35 | Build | Farm |
| 18:37 | Create | Villager (Male) |
| 18:46 | Build | Farm |
| 18:49 | Create | Villager (Male) |
| 19:06 | Create | Villager (Male) |
| 19:08 | Create | Villager (Male) |
| 19:16 | Build | House |
| 19:18 | Create | Villager (Male) |
| 19:24 | Build | Farm |
| 19:26 | Build | Farm |
| 19:34 | Build | Farm |
| 19:36 | Build | Farm |
| 19:38 | Create | Villager (Male) |
| 19:38 | Create | Villager (Male) |
| 19:49 | Create | Villager (Male) |
| 19:49 | Create | Villager (Male) |
| 19:55 | Build | Farm |
| 19:59 | Build | Farm |
| 20:06 | Create | Villager (Male) |
| 20:08 | Create | Villager (Male) |
| 20:08 | Create | Villager (Male) |
| 20:09 | Create | Villager (Male) |
| 20:12 | Create | Villager (Male) |
| 20:12 | Create | Villager (Male) |
| 20:16 | Build | Farm |
| 20:17 | Build | Farm |
| 20:31 | Create | Villager (Male) |
| 20:36 | Create | Villager (Male) |
| 20:37 | Create | Villager (Male) |
| 20:43 | Build | Farm |
| 20:44 | Build | Farm |
| 20:47 | Build | Farm |
| 20:50 | Create | Villager (Male) |
| 20:54 | Create | Villager (Male) |
| 21:01 | Build | House |
| 21:22 | Create | Villager (Male) |
| 21:25 | Create | Villager (Male) |
| 21:27 | Create | Villager (Male) |
| 21:38 | Build | House |
| 21:39 | Build | House |
| 21:41 | Build | House |
| 21:42 | Build | House |
| 21:46 | Create | Villager (Male) |
| 21:46 | Create | Villager (Male) |
| 21:59 | Build | Town Center |
| 22:04 | Create | Villager (Male) |
| 22:04 | Create | Villager (Male) |
| 22:13 | Create | Villager (Male) |
| 22:17 | Build | Farm |
| 22:18 | Build | Farm |
| 22:19 | Build | Farm |
| 22:21 | Build | Farm |
| 22:24 | Create | Villager (Male) |
| 22:25 | Create | Villager (Male) |
| 22:33 | Build | Lumber Camp |
| 22:57 | Create | Villager (Male) |
| 22:58 | Create | Villager (Male) |
| 22:58 | Create | Villager (Male) |
| 23:14 | Research | Wheelbarrow |
| 23:14 | Research | Wheelbarrow |
| 23:16 | Create | Villager (Male) |
| 23:18 | Create | Villager (Male) |
| 23:29 | Build | Town Center |
| 23:36 | Build | Town Center |
| 23:47 | Build | Farm |
| 23:48 | Build | Farm |
| 23:49 | Build | Farm |
| 23:50 | Build | Farm |
| 23:55 | Create | Villager (Male) |
| 23:58 | Create | Villager (Male) |
| 24:00 | Create | Villager (Male) |
| 24:00 | Create | Villager (Male) |
| 24:00 | Create | Villager (Male) |
| 24:05 | Build | Farm |
| 24:06 | Build | Farm |
Match timeline
| 1:52 | fugo53419 · wall_segment Palisade Wall x8 |
| 2:57 | A P · wall_segment Palisade Wall x11 |
| 3:24 | 76561198104589261 · wall_segment Palisade Wall x6 |
| 3:51 | ForWorldPeace · wall_segment Palisade Wall x15 |
| 4:23 | shulin60111 · wall_segment Palisade Wall x9 |
| 5:39 | ForWorldPeace · wall_segment Palisade Wall x1 |
| 5:45 | ForWorldPeace · wall_segment Palisade Wall x1 |
| 10:22 | s99241008 · first_building Barracks |
| 10:51 | ForWorldPeace · wall_segment Palisade Wall x2 |
| 11:01 | ForWorldPeace · wall_segment Palisade Wall x4 |
| 11:32 | fugo53419 · first_building Barracks |
| 11:53 | fugo53419 · age_up feudal |
| 12:02 | 76561198104589261 · age_up feudal |
| 12:13 | fugo53419 · first_building Stable |
| 12:43 | s99241008 · age_up feudal |
| 12:56 | s99241008 · first_building Stable |
| 14:06 | ForWorldPeace · first_building Barracks |
| 14:16 | A P · first_building Barracks |
| 14:29 | s99241008 · first_market_buy 100 food |
| 14:34 | shulin60111 · age_up feudal |
| 15:20 | s99241008 · first_market_sell 100 food |
| 15:22 | A P · age_up feudal |
| 16:09 | 76561198104589261 · age_up castle |
| 16:22 | ForWorldPeace · age_up feudal |
| 16:44 | ForWorldPeace · wall_segment Stone Wall x5 |
| 16:52 | ForWorldPeace · wall_segment Stone Wall x8 |
| 16:55 | A P · wall_segment Stone Wall x12 |
| 16:56 | ForWorldPeace · wall_segment Stone Wall x2 |
| 17:20 | shulin60111 · first_building Barracks |
| 18:03 | s99241008 · age_up castle |
| 18:17 | fugo53419 · age_up castle |
| 18:39 | shulin60111 · first_building Stable |
| 18:47 | A P · wall_segment Stone Wall x12 |
| 19:19 | shulin60111 · age_up castle |
| 19:23 | s99241008 · first_building Castle |
| 19:55 | ForWorldPeace · wall_segment Stone Wall x9 |
| 20:16 | shulin60111 · first_building Monastery |
| 20:37 | ForWorldPeace · wall_segment Stone Wall x4 |
| 20:41 | ForWorldPeace · wall_segment Stone Wall x5 |
| 20:46 | ForWorldPeace · wall_segment Stone Wall x2 |
| 20:48 | ForWorldPeace · wall_segment Stone Wall x4 |
| 20:49 | shulin60111 · first_market_buy 100 food |
| 20:50 | ForWorldPeace · wall_segment Stone Wall x1 |
| 22:11 | ForWorldPeace · wall_segment Stone Wall x8 |
| 22:34 | fugo53419 · first_building Siege Workshop |
| 23:15 | ForWorldPeace · wall_segment Stone Wall x11 |
| 23:21 | fugo53419 · first_market_buy 100 food |
| 24:25 | fugo53419 · first_market_sell 100 food |
| 24:48 | fugo53419 · first_building Castle |
| 25:19 | A P · age_up castle |
| 25:22 | ForWorldPeace · first_building Stable |
| 25:33 | fugo53419 · first_building Monastery |
| 25:40 | 76561198104589261 · first_building Monastery |
| 25:54 | 76561198104589261 · first_building Barracks |
| 27:49 | ForWorldPeace · age_up castle |
| 28:25 | A P · first_building Castle |
| 28:28 | ForWorldPeace · first_market_buy 100 wood |
| 28:58 | 76561198104589261 · first_building Archery Range |
| 29:20 | shulin60111 · first_building Castle |
| 30:01 | s99241008 · age_up imperial |
| 31:15 | ForWorldPeace · first_building Castle |
| 31:26 | A P · wall_segment Stone Wall x12 |
| 31:40 | 76561198104589261 · first_building Castle |
| 33:05 | shulin60111 · first_building Archery Range |
| 33:08 | A P · first_building Archery Range |
| 33:16 | s99241008 · wall_segment Palisade Wall x9 |
| 33:18 | 76561198104589261 · age_up imperial |
| 34:05 | shulin60111 · age_up imperial |
| 34:15 | fugo53419 · age_up imperial |
| 35:04 | A P · age_up imperial |
| 37:22 | ForWorldPeace · first_market_sell 100 food |
| 37:49 | A P · first_building Stable |
| 38:39 | ForWorldPeace · first_building Siege Workshop |
| 40:37 | ForWorldPeace · age_up imperial |
| 40:43 | 76561198104589261 · first_building Siege Workshop |
| 40:58 | 76561198104589261 · first_market_sell 100 wood |
| 52:31 | ForWorldPeace · wall_segment Stone Wall x7 |
| 52:47 | shulin60111 · resign |
[ AI ANALYSIS · 1 CREDIT ]
What really happened in this match?
Wolo.gg analyzes every decision: build order, eco, micro, common mistakes by bracket. Personalized analysis on WhatsApp or Discord in 30 seconds.
Civ guide
Byzantines
Map guide
Black Forest
Perfil
A P